 Dungeon Crawl Stone Soup version 0.24.0-1-gfbc8707122 (webtiles) character file.

Game seed: 7645467153023012597, levelgen mode: classic

247 EnegeticOcto the Covered (level 5, 0/47 HPs)
             Began as a Minotaur Fighter on Oct 27, 2019.
             Succumbed to a worker ant's poison
             ... on level 4 of the Dungeon.
             The game lasted 00:01:48 (2228 turns).

EnegeticOcto the Covered (Minotaur Fighter)         Turns: 2228, Time: 00:01:48

Health: 0/47       AC:  9    Str: 22    XL:     5   Next: 85%
Magic:  4/4        EV:  6    Int: 10    God:
Gold:   236        SH:  9    Dex:  9    Spells: 4/4 levels left

rFire    + + .     SeeInvis +   a - +0 war axe
rCold    + . .     Gourm    .   c - +0 shield
rNeg     . . .     Faith    .   t - +0 chain mail
rPois    .         Spirit   .   (helmet restricted)
rElec    .         Reflect  .   v - scarf {rC+ rF+}
rCorr    .         Harm     .   (no gloves)
MR       .....                  (no boots)
Stlth    ..........             (no amulet)
HPRegen  0.15/turn              h - ring of protection from fire
MPRegen  0.09/turn              r - ring of see invisible

@: brilliant, lethally poisoned (0 -> -1), berserk cooldown, flying, hasted and
slowed
A: retaliatory headbutt, horns 2
a: no special abilities


You were on level 4 of the Dungeon.
You were hungry.

You visited 1 branch of the dungeon, and saw 4 of its levels.

You collected 236 gold pieces.

Inventory:

Hand Weapons
 a - a +0 war axe (weapon)
Armour
 b - a +0 scale mail
 c - a +0 shield (worn)
 t - a +0 chain mail (worn)
 v - a scarf of resistance (worn)
Jewellery
 h - a ring of protection from fire (left hand)
 r - a ring of see invisible (right hand)
Scrolls
 f - a scroll of immolation {unknown}
 j - 2 scrolls of teleportation {unknown}
 k - a scroll of remove curse {unknown}
 n - 2 scrolls of blinking {unknown}
 p - 2 scrolls of identify {unknown}
 w - a scroll of enchant weapon {unknown}
 x - a scroll of magic mapping {unknown}
Potions
 d - a potion of might {@q3 !q}
 i - a potion of heal wounds {unknown}
 l - a potion of ambrosia {unknown}
 o - a potion of agility {unknown}
Comestibles
 e - 7 rations
 g - a chunk of flesh


   Skills:
 + Level 4.6 Fighting
 * Level 4.7 Axes
 + Level 4.7 Armour
 + Level 2.0 Dodging
 + Level 4.6 Shields


You had 4 spell levels left.
You didn't know any spells.
Your spell library was empty.

Dungeon Overview and Level Annotations

Branches:
Dungeon (4/15)
 Temple: D:4-7

Altars:
Cheibriados


Innate Abilities, Weirdness & Mutations

You reflexively headbutt those who attack you in melee.
You have a pair of horns on your head.


Message History

You miss the adder.
The adder is almost dead.
You block the adder's attack. x2
You barely miss the adder. You headbutt the adder.
You kill the adder!
You have reached level 5!
r - a ring of see invisible (right hand) HP restored.
You butcher the adder corpse.
g - a chunk of flesh You see here an adder skeleton. x2
Found a stone staircase leading down.
An ogre comes into view. It is wielding a -2 giant spiked club.
The ogre shouts!
A worker ant comes into view.
There are monsters nearby!
There are monsters nearby!
The worker ant twitches its antennae in your direction.
The ogre hits you with a cursed -2 giant spiked club!!
Your shield and chain mail prevent you from hitting the ogre.
You block the ogre's attack.
You completely miss the ogre. You headbutt the ogre!
The ogre is moderately wounded.
You block the ogre's attack.
You slice the ogre!!
You kill the ogre!
Your Dodging skill increases to level 2!
The worker ant bites you.
You hit the worker ant.
The worker ant is moderately wounded.
You block the worker ant's attack.
The worker ant bites you but does no damage.
You closely miss the worker ant.
The worker ant is moderately wounded.
The worker ant barely misses you.
You slash the worker ant! Your headbutt misses the worker ant.
The worker ant is severely wounded.
The worker ant bites you. x2
You are too injured to fight recklessly!
You are too injured to fight recklessly!
You are too injured to fight recklessly!
You are too injured to fight recklessly!
You are too injured to fight recklessly!
You are too injured to fight recklessly!
You are too injured to fight recklessly!
You closely miss the worker ant.
The worker ant is severely wounded.
The worker ant bites you.
* * * LOW HITPOINT WARNING * * *
You are poisoned.
The worker ant poisons you! The worker ant closely misses you.
You barely miss the worker ant.
The worker ant is severely wounded.
You feel sick.
The worker ant bites you but does no damage.
The worker ant bites you.
* * * LOW HITPOINT WARNING * * *
You closely miss the worker ant.
The worker ant is severely wounded.
You feel sick. The worker ant closely misses you. You furiously retaliate!
You headbutt the worker ant, but do no damage.
It was a potion of haste.
You feel yourself speed up. You block the worker ant's attack.
It was a potion of berserk rage.
A red film seems to cover your vision as you go berserk!
You feel yourself moving faster!
You feel mighty!
You feel sick. The worker ant barely misses you.
You hit the worker ant. Your headbutt misses the worker ant.
The worker ant is almost dead.
The worker ant barely misses you.
You completely miss the worker ant. Your headbutt misses the worker ant.
The worker ant is almost dead.
The worker ant barely misses you. The worker ant bites you.
* * * LOW HITPOINT WARNING * * *
You closely miss the worker ant. Your headbutt misses the worker ant.
The worker ant is almost dead.
You feel sick. You block the worker ant's attack.
You barely miss the worker ant.
The worker ant is almost dead.
The worker ant bites you.
* * * LOW HITPOINT WARNING * * *
You barely miss the worker ant.
The worker ant is almost dead.
The worker ant bites you but does no damage.
You barely miss the worker ant. You headbutt the worker ant.
You kill the worker ant!
You are too berserk!
* * * LOW HITPOINT WARNING * * *
You feel sick.
You feel a strong urge to attack something.
You feel your anger nearly subside.
You are no longer berserk.
You are exhausted.
You feel yourself slow down.
You are feeling hungry.
It was a potion of flight.
You feel very buoyant.
You fly up into the air.
It was a potion of brilliance.
You feel clever all of a sudden.
You die...

.......#
###.#### #.# #+#
#.# #.# #.# #.#
###.# #.# ..#.#
#.# # #.#.#
#####.#######>.#
#.#.#
#.......@..).#
#.#.#
#.###.######.#
#.#.# #.# #.# #
#.#.# #.# #.#
#.#.# #.# #.#
#.#.# #.# #.#
#.#.#####.###.#
#.#...........#
#.........#####


There were no monsters in sight!

Vanquished Creatures
  An ogre (D:4)
  Jessica (D:2)
  A worker ant (D:4)
  4 adders
  2 dart slugs
  5 leopard geckos
  3 giant cockroaches
  10 goblins
  11 hobgoblins
  2 jackals (D:2)
  2 quokkas
  4 ball pythons
  10 bats
  3 frilled lizards (D:1)
  4 kobolds
  9 rats
72 creatures vanquished.

Notes
Turn   | Place    | Note
-------+----------+-------------------------------------------
     0 | D:1      | EnegeticOcto the Minotaur Fighter began the quest for the
                  | Orb.
     0 | D:1      | Reached XP level 1. HP: 19/19 MP: 0/0
   226 | D:1      | Reached XP level 2. HP: 27/27 MP: 1/1
   716 | D:2      | Reached XP level 3. HP: 30/33 MP: 2/2
   779 | D:2      | Noticed Jessica
   787 | D:2      | Killed Jessica
   787 | D:2      | Reached skill level 1 in Dodging
   791 | D:2      | Reached XP level 4. HP: 30/40 MP: 3/3
  1258 | D:2      | Found a snail-covered altar of Cheibriados.
  2089 | D:4      | Reached XP level 5. HP: 41/47 MP: 4/4
  2202 | D:4      | Noticed an ogre
  2208 | D:4      | Killed an ogre
  2220 | D:4      | HP: 2/70 [worker ant (4)]
  2228 | D:4      | Succumbed to a worker ant's poison

Levels and vault maps discovered:
D:1:      minmay_arrival_plants_in_alcoves, layout_rooms, kennysheep_boxes
D:2:      layout_loops_ring, lemuel_coloured_pillars_altar, minmay_tall_x,
          uniq_jessica
D:3:      layout_rooms
D:4:      layout_basic, kennysheep_mini_moat, lemuel_round_altar,
          kennysheep_little_box, minmay_strange_pillars, kennysheep_donut,
          st_stairs_7

Skill      XL: |  1  2  3  4  5 |
---------------+----------------+-----
Axes           | 3 4 |  4.7
Armour         | 4 |  4.7
Fighting       | 4 |  4.6
Dodging        | 1 2 |  2.0
Shields        | 4 |  4.6

Action                   |  1- 3 |  4- 6 || total
-------------------------+-------+-------++-------
Melee: War axe           |    62 |   112 ||   174
       Headbutt          |    11 |    16 ||    27
  Use: Potion            |       |     4 ||     4
  Eat: Chunk             |       |     4 ||     4
Armor: Scale mail        |    25 |    58 ||    83
       Chain mail        |       |     9 ||     9
Dodge: Dodged            |    12 |    34 ||    46
Block: Shield            |    33 |    45 ||    78
